 Dungeon Crawl Stone Soup version 0.21.1-1-g345015f (webtiles) character file.

428590 Monsterracer the Brawler (level 22, -1/289 (292) HPs)
             Began as a Green Draconian Transmuter on Mar 18, 2018.
             Killed from afar by a Tzitzimitl (60 damage)
             ... with a bolt of cold
             ... on level 3 of the Depths on Mar 20, 2018.
             The game lasted 03:06:28 (58921 turns).

Monsterracer the Brawler (DrTm)                    Turns: 58921, Time: 03:06:29

HP:   -1/289 (292)  AC: 32    Str: 19    XL:     22   Next: 79%
MP:   36/36         EV: 21    Int: 22    God:    Xom [.*....]
Gold: 1421          SH: 17    Dex: 17    Spells: 5/41 levels left

rFire    + . .     SeeInvis .     - Unarmed
rCold    . . .     Gourm    .   q - +4 shield {AC+3}
rNeg     . . .     Faith    .   (armour unavailable)
rPois    +         Spirit   .   D - +2 hat {MR+}
rElec    +         Reflect  .   j - +2 cloak {MR+}
rCorr    .         Harm     .   n - +2 pair of gloves
MR       +++++     Rnd*Rage +   M - +2 pair of boots {run}
Stlth    ..........             p - amulet of regeneration
HPRegen  1.38/turn              O - ring "Isiel" {rF+ AC+2 Dex+3 Stlth+}
MPRegen  0.25/turn              Y - ring of Nofis {+Blink rElec MR+ AC+5, =R}

@: berserking, studying Ice Magic, drained, very quick
A: breathe noxious fumes, unfitting armour, hooves 2, stinger 1, agile 1,
berserk 1, magic resistance 2, sense surroundings 1, poison resistance,
regeneration 1, cold-blooded, AC +11
}: 2/15 runes: barnacled, gossamer
a: Breathe Noxious Fumes, Renounce Religion, Evoke Blink


You were on level 3 of the Depths.
You worshipped Xom.
You were a plaything of Xom.
You were very hungry.

You visited 9 branches of the dungeon, and saw 43 of its levels.
You visited the Abyss 2 times.
You also visited: Labyrinth, Bailey and Ice Cave.

You collected 4897 gold pieces.
You spent 3476 gold pieces at shops.

Inventory:

Missiles
 l - 8 throwing nets (quivered)
Armour
 g - the +5 large shield of Gallantry {rCorr Str+3}
   (You found it on level 3 of the Depths)

   It affects your strength (+3).
   It protects you from acid and corrosion.
 j - a +2 cloak of magic resistance (worn)
 n - a +2 pair of gloves (worn)
 q - a +4 shield of protection (worn)
 D - a +2 hat of magic resistance (worn)
 M - a +2 pair of boots of running (worn)
Magical Staves
 b - an uncursed staff of wizardry {!a}
Jewellery
 p - an amulet of regeneration (around neck)
 A - an uncursed ring of protection from cold {!d}
 H - an uncursed ring of protection from magic {!d}
 O - the ring "Isiel" (left hand) {rF+ AC+2 Dex+3 Stlth+}
   (You bought it in a shop on level 2 of the Depths)

   [ring of protection]

   It affects your AC (+2).
   It affects your dexterity (+3).
   It protects you from fire.
   It makes you more stealthy.
 S - a +2 ring of slaying
 Y - the ring of Nofis (right hand) {+Blink rElec MR+ AC+5, =R}
   (You bought it in a shop on level 9 of the Dungeon)

   [ring of protection]

   It affects your AC (+5).
   It insulates you from electricity.
   It affects your resistance to hostile enchantments.
   It lets you blink.
Wands
 a - a wand of digging (65)
 v - a wand of polymorph (63)
 y - a wand of paralysis (57)
 F - a wand of acid (42)
 G - a wand of iceblast (51)
 X - a wand of enslavement (22)
Scrolls
 d - 16 scrolls of teleportation
 k - 16 scrolls of remove curse
 s - 3 scrolls of magic mapping {!r}
 t - 4 scrolls of fear {!r}
 z - 3 scrolls of blinking
 E - 8 scrolls of identify
 I - 5 scrolls of fog
 J - 2 scrolls of summoning {!r}
 N - 4 scrolls of silence
Potions
 e - 7 potions of agility
 f - 9 potions of haste
 h - 6 potions of flight
 i - 4 potions of invisibility
 o - 6 potions of mutation {!q}
 u - 13 potions of curing
 x - 2 potions of berserk rage {!q}
 C - 5 potions of ambrosia {!q}
 L - 3 potions of heal wounds
 P - 4 potions of brilliance
 Q - a potion of resistance
 R - 7 potions of magic
 U - 2 potions of cancellation
 W - 4 potions of might
Books
 T - a manual of Ice Magic
Miscellaneous
 m - a lamp of fire
 r - a sack of spiders
 B - a phial of floods
 Z - a fan of gales
Comestibles
 c - 66 rations


   Skills:
 + Level 16.0(15.2) Fighting
 + Level 13.9(13.1) Dodging
 - Level 10.0(9.2) Stealth
 + Level 13.0(12.2) Shields
 * Level 20.1(19.2) Unarmed Combat
 - Level 10.0(9.2) Spellcasting
 - Level 10.0(9.2) Charms
 - Level 5.0(4.3) Necromancy
 - Level 5.0(4.3) Translocations
 - Level 12.6(11.8) Transmutations
 - Level 6.0(5.3) Ice Magic
 - Level 7.5(6.8) Air Magic
 - Level 12.5(11.7) Earth Magic
 - Level 6.0(5.3) Evocations


You had 5 spell levels left.
You knew the following spells:

 Your Spells              Type           Power        Failure   Level  Hunger
a - Borgnjor's Vile Clut  Necr/Erth      #####.....   10%         5    ####...
b - Freezing Cloud        Conj/Ice/Air   ####......   95%         6    ######.
c - Ozocubu's Armour      Chrm/Ice       #####...     1%          3    None
d - Blade Hands           Tmut           ######....   1%          5    ####...
e - Blink                 Tloc           N/A          2%          2    None
h - Statue Form           Tmut/Erth      ######...    11%         6    ######.
x - Passwall              Tmut/Erth      ######....   1%          2    None
y - Deflect Missiles      Chrm/Air       #####.....   45%         6    ######.
z - Apportation           Tloc           ####..       1%          1    None


Dungeon Overview and Level Annotations

Branches:
Dungeon (15/15)            Temple (1/1) D:4            Lair (6/6) D:10
 Shoals (4/4) Lair:3       Spider (4/4) Lair:3        Slime (0/5) Lair:6
    Orc (2/2) D:9             Elf (3/3) Orc:2        Vaults (5/5) D:13
  Crypt (0/3) Vaults:3     Depths (3/5) D:15

Altars:
Ashenzari
Cheibriados
Dithmenos
Elyvilon
Fedhas
Gozag
Hepliaklqana
Kikubaaqudgha
Makhleb
Nemelex Xobeh
Okawaru
Qazlal
Ru
Sif Muna
Trog
Uskayaw
Vehumet
Wu Jian
Xom
Yredelemnul
Zin
The Shining One
Beogh
Jiyva

Shops:
D:9 =   D:13 *   Orc:1 (*!}   Orc:2 }?(?   Vaults:1 [   Depths:1 !%
Depths:2 =

Portals:
Hell: Depths:1 Depths:2 Depths:3
Abyss: Depths:2
Pandemonium: Orc:2 Depths:2 Depths:3*
Ziggurat: Depths:2
Trove: D:13 (give 15 scrolls of teleportation)


Innate Abilities, Weirdness & Mutations

You can breathe blasts of noxious fumes.
Your lurid green scales are hard. (AC +11)
You cannot fit into any form of body armour.
Your tail ends in a poisonous barb.
Your system is resistant to poisons. (rPois)
You are cold-blooded and may be slowed by cold attacks.
You have hoof-like feet.
You are agile. (Dex +2)
You tend to lose your temper in combat.
You are highly resistant to hostile enchantments. (MR++)
You passively map a small area around you.
Your natural rate of healing is unusually fast.


Message History

The reaper misses you.
You take 29 damage, and have 165/194 hp.
There are monsters nearby!
You hit the reaper.
The reaper is lightly wounded.
You closely miss the reaper.
The reaper is lightly wounded.
You block the reaper's attack. x2
You punch the reaper!
The reaper is lightly wounded.
The Tzitzimitl engulfs you but does no damage.
The Tzitzimitl closely misses you. The Tzitzimitl gestures at you.
The bolt of negative energy misses you. You block the reaper's attack. x2
There is an open door here.
The Tzitzimitl gestures at you. The bolt of negative energy misses you.
You block the reaper's attack. x2
There is an open door here.
You punch the Tzitzimitl!
You tail-slap the Tzitzimitl, but do no damage.
The Tzitzimitl is lightly wounded.
You barely miss the Tzitzimitl.
The Tzitzimitl is lightly wounded.
The reaper hits you from afar with a scythe of protection!!
You block the Tzitzimitl's attack. The Tzitzimitl bites you.
You feel your flesh rotting away! The reaper completely misses you.
You take 24 damage, and have 148/193 hp.
You barely miss the Tzitzimitl.
The Tzitzimitl is lightly wounded.
The Tzitzimitl engulfs you but does no damage.
The Tzitzimitl bites you!
You take 9 damage, and have 139/193 hp.
You hit the Tzitzimitl.
The Tzitzimitl is lightly wounded.
The reaper hits you from afar with a scythe of protection!!
You block the reaper's attack.
You take 24 damage, and have 115/193 hp.
You hit the Tzitzimitl.
The Tzitzimitl is moderately wounded.
The Tzitzimitl gestures at you. The bolt of cold misses you.
You punch the Tzitzimitl!
You tail-slap the Tzitzimitl, but do no damage.
The Tzitzimitl is moderately wounded.
You block the reaper's attack.
The Tzitzimitl engulfs you but does no damage.
You block the Tzitzimitl's attack. You block the reaper's attack.
You pummel the Tzitzimitl!!
The Tzitzimitl is heavily wounded.
A red film seems to cover your vision as you go berserk!
You feel yourself moving faster!
You feel mighty!
You punch the Tzitzimitl!
The Tzitzimitl is severely wounded.
The Tzitzimitl calls on the powers of darkness!
Your body is wracked with pain!
* * * LOW HITPOINT WARNING * * *
You now have 90/289 hp.
You miss the Tzitzimitl.
The Tzitzimitl is severely wounded.
You block the reaper's attack. x2
You miss the Tzitzimitl.
The Tzitzimitl is severely wounded.
The Tzitzimitl engulfs you but does no damage.
The Tzitzimitl bites you but does no damage.
You closely miss the Tzitzimitl.
The Tzitzimitl is severely wounded.
You closely miss the Tzitzimitl.
Your tail-slap misses the Tzitzimitl.
The Tzitzimitl is severely wounded.
You block the reaper's attack. You block the Tzitzimitl's attack.
The Tzitzimitl bites you!
* * * LOW HITPOINT WARNING * * *
The reaper barely misses you.
You take 8 damage, and have 84/289 hp.
You miss the Tzitzimitl.
The Tzitzimitl is severely wounded.
You pummel the Tzitzimitl!!
The Tzitzimitl is almost dead.
You closely miss the Tzitzimitl.
The Tzitzimitl is almost dead.
The Tzitzimitl gestures at you. The bolt of negative energy hits you!
You feel drained.
* * * LOW HITPOINT WARNING * * *
You take 28 damage, and have 57/289 hp.
You closely miss the Tzitzimitl.
The Tzitzimitl is almost dead.
You block the reaper's attack. The reaper completely misses you.
You miss the Tzitzimitl.
The Tzitzimitl is almost dead.
The Tzitzimitl gestures at you. You deflect the bolt of cold!
You feel less protected from missiles.
You closely miss the Tzitzimitl.
Your tail-slap misses the Tzitzimitl.
The Tzitzimitl is almost dead.
You hit the Tzitzimitl but do no damage.
The Tzitzimitl is almost dead.
You block the reaper's attack. The Tzitzimitl gestures at you.
The bolt of cold hits you!
You die...
Xom bursts into laughter!

#...#
#.....)...# ####
#...#
##.#..)#.##
#...#
##.#...#.##
#####
#.........#
#.#########
#######'####
#%([$.#....#####
#??)2.####.....#
#/)..1@....###>#
#)$?2.####.....#
#%}$!.# #######
#######


You could see a Tzitzimitl and 2 reapers.

Vanquished Creatures
  An ancient lich (Depths:3)
  Mara (Vaults:4)
  Saint Roka (Elf:2)
  Jory (Vaults:2)
  A tentacled monstrosity (Depths:2)
  Rupert (D:15)
  A lich (Depths:3)
  A deep elf blademaster (Elf:2)
  A titan (Depths:2)
  2 iron dragons
  Gastronok (Lair:1)
  A sphinx (Depths:2)
  Agnes (D:15)
  2 tengu reavers (Depths:2)
  Ilsuiw (Shoals:3)
  Roxanne (Shoals:2)
  A fire giant (Depths:2)
  9 vault wardens
  4 deep elf sorcerers
  4 ghost moths
  A juggernaut zombie (Depths:3)
  A balrug (Depths:2)
  Aizul (Spider:3)
  6 frost giants
  5 emperor scorpions
  2 caustic shrike zombies (Depths:3)
  9 very ugly things
  A spriggan defender (Depths:2)
  4 reapers (Depths:3)
  A caustic shrike skeleton (Depths:3)
  2 juggernaut skeletons (Depths:3)
  4 entropy weavers
  A war gargoyle (Vaults:4)
  12 ironheart preservers
  9 stone giants
  A dire elephant (D:15)
  A vampire knight (Depths:3)
  3 deep elf annihilators
  4 spark wasps
  6 ettins
  8 deep elf death magi
  4 merfolk javelineers
  A minotaur (Lab)
  7 great orbs of eyes
  A deep elf high priest (Vaults:4)
  6 merfolk impalers
  14 yaktaur captains
  7 fire dragons
  11 ice dragons
  A juggernaut simulacrum (Depths:3)
  7 rakshasas
  7 vault guards
  7 hydras
  3 spriggan air magi (Depths:2)
  A caustic shrike simulacrum (Depths:3)
  3 alligator snapping turtles
  A catoblepas (Lair:6)
  9 merfolk aquamancers
  11 centaur warriors
  4 tengu warriors
  19 two-headed ogres
  3 death knights
  2 satyrs
  5 merfolk avatars
  8 deep troll shamans
  8 death yaks
  8 spriggan berserkers
  8 death scarabs (Spider:4)
  3 vampire magi
  7 ogre magi
  2 deep troll earth magi
  20 dancing weapons
  2 orc high priests (Orc:2)
  2 sun demons (Depths:2)
  A soul eater (Depths:3)
  2 iron trolls (Depths:2)
  25 deep elf knights
  Sonja (D:15)
  7 skeletal warriors (Vaults:2)
  4 sixfirhies (Orc:2)
  2 shadow wraiths (Vaults:4)
  3 glowing orange brains
  4 storm dragon skeletons
  10 deep trolls
  2 torturous demonspawn (Orc:2)
  5 unseen horrors
  14 sea snakes
  A spark wasp zombie (Depths:3)
  A flayed ghost (Vaults:3)
  A tengu zombie (Vaults:2)
  A golden dragon zombie (Depths:3)
  10 ironbrand convokers
  2 lindwurms (Lair:6)
  18 deep elf archers
  A shadow demon (Depths:3)
  5 spectral wolf spiders (Spider:4)
  19 orc knights
  4 wizards
  A sphinx zombie (Depths:3)
  11 necromancers
  A golden dragon skeleton (Depths:3)
  15 orb spiders
  A sphinx skeleton (Depths:3)
  19 harpies
  9 cyclopes
  64 deep elf magi
  8 manticores
  16 wolf spiders
  19 ugly things
  12 orc sorcerers
  2 wolf spider zombies
  2 salamanders
  A fire giant zombie (Depths:3)
  4 black mambas
  Maurice (D:13)
  2 centaur zombies
  7 fauns
  A tengu skeleton (Vaults:2)
  A moth of wrath (Spider:4)
  12 elephants
  12 merfolk sirens
  A frost giant skeleton (Depths:3)
  An iron dragon skeleton (Depths:3)
  2 rust devils
  2 smoke demons
  16 vault sentinels
  A fire giant skeleton (Depths:3)
  An orange demon (Depths:3)
  An ice statue (IceCv)
  5 spiny frogs
  A gargoyle (D:11)
  7 torpor snails
  A guardian serpent (shapeshifter) (Vaults:4)
  2 water nymphs
  A rime drake (shapeshifter) (Vaults:3)
  3 yaktaur zombies (Vaults:2)
  3 komodo dragons
  A komodo dragon (shapeshifter) (Vaults:4)
  3 elf zombies (Depths:3)
  2 rime drakes
  2 spectral redbacks (Spider:4)
  An efreet (D:15)
  16 freezing wraiths
  53 yaktaurs
  11 demonic crawlers
  3 redback zombies (Spider:4)
  2 small abominations
  An ice devil (Depths:3)
  3 tengu conjurers
  A jumping spider (shapeshifter) (D:13)
  13 trolls
  A queen bee (shapeshifter) (Vaults:4)
  26 jumping spiders
  21 hornets
  20 merfolk
  3 meliai
  3 spectral jumping spiders (Spider:4)
  3 wind drakes
  2 trolls (shapeshifter)
  7 spectral tarantellas (Spider:4)
  6 polar bears
  A queen bee (Spider:2)
  An ettin zombie (Vaults:2)
  9 hippogriffs
  3 tarantella zombies (Spider:4)
  A hippogriff (shapeshifter) (Vaults:4)
  19 blink frogs
  2 meliai zombies (D:11)
  A raiju (shapeshifter) (Vaults:1)
  19 slime creatures
  8 dream sheep
  10 snapping turtles
  A dream sheep (shapeshifter) (Lair:4)
  An iron dragon simulacrum (Depths:3)
  A frost giant simulacrum (Vaults:2)
  A ynoxinul (Depths:3)
  An air elemental (Elf:1)
  2 wyverns (D:11)
  73 redbacks
  31 yaks
  3 spriggans (Depths:2)
  2 large abominations
  32 tarantellas
  3 wraiths
  2 wyverns (shapeshifter)
  A redback (shapeshifter) (D:13)
  A vampire (D:9)
  3 fire elementals
  A spriggan (shapeshifter) (Vaults:2)
  2 shadows
  A basilisk (shapeshifter) (Vaults:1)
  14 water elementals
  A hungry ghost (D:12)
  11 vampire mosquitoes
  7 basilisks
  A golden eye (shapeshifter) (Elf:2)
  3 steam dragons
  A death yak simulacrum (IceCv)
  2 elf skeletons (Depths:3)
  3 human simulacra
  5 wargs
  A yaktaur simulacrum (Vaults:1)
  A deep troll zombie (Vaults:2)
  12 water moccasins
  2 soldier ants (D:15)
  6 spectral hornets (Spider:4)
  13 porcupines
  2 black bears
  14 ice beasts
  58 orc warriors
  An eye of draining (D:13)
  4 sky beasts
  3 phantoms
  2 elf simulacra (Depths:3)
  28 wolves
  11 boggarts
  An eye of draining (shapeshifter) (Vaults:3)
  2 orc zombies (Vaults:2)
  17 ogres
  A boggart (shapeshifter) (Vaults:1)
  4 necrophages
  3 human skeletons
  23 centaurs
  8 crocodiles
  4 big kobolds
  17 bullfrogs
  2 human zombies (Vaults:2)
  5 earth elementals
  8 scorpions
  22 killer bees
  An elephant simulacrum (IceCv)
  An orc simulacrum (Vaults:2)
  5 howler monkeys (D:13)
  2 vampire bats (Lair:6)
  21 wights
  5 electric eels
  6 crimson imps
  4 draconian simulacra (IceCv)
  A hound (shapeshifter) (Depths:2)
  2 quasits
  27 orc priests
  A bullfrog zombie (D:11)
  An iron imp (Abyss:2)
  12 hounds
  3 jellies
  Ijyb (D:3)
  Crazy Yiuf (D:7)
  2 bullfrog skeletons
  3 centaur skeletons
  3 iguanas
  Terence (D:2)
  24 orc wizards
  12 worker ants
  Natasha (thrice) (D:2)
  9 troll simulacra (IceCv)
  2 polar bear simulacra (IceCv)
  4 centaur simulacra (IceCv)
  3 hound zombies
  3 worker ant zombies
  Robin (D:3)
  A howler monkey skeleton (D:10)
  17 adders
  6 gnolls (D:4)
  A naga simulacrum (IceCv)
  2 ogre simulacra (IceCv)
  2 shadow imps
  12 white imps (IceCv)
  An ooze (D:1)
  An adder zombie (D:6)
  2 worms
  4 dart slugs
  4 leopard geckos
  131 orcs
  14 giant cockroaches
  14 goblins
  5 hobgoblins
  4 jackals (D:5)
  23 kobolds
  4 quokkas
  A ball python (D:1)
  15 bats
  9 frilled lizards
  13 rats
  4 crawling corpses
  A fire vortex (Spider:4)
  2 plants
1952 creatures vanquished.

Vanquished Creatures (collateral kills)
  A great orb of eyes (Vaults:1)
  An ice dragon (Vaults:1)
  A merfolk aquamancer (Shoals:4)
  A torturous demonspawn (Orc:2)
  An orb spider (Spider:3)
  A faun (Shoals:2)
  A merfolk siren (Shoals:2)
  Psyche (D:8)
  A meliai (Spider:2)
  A hornet (D:10)
  A meliai zombie (D:9)
  A redback (Spider:3)
  A tarantella (Spider:3)
  A wyvern (D:10)
  An orc warrior (D:6)
  A centaur (D:5)
  2 scorpions
  A killer bee (Spider:2)
  A wight (D:9)
  An orc wizard (D:7)
  A worker ant (D:9)
  A gnoll (D:4)
  4 orcs
27 creatures vanquished.

Vanquished Creatures (others)
  A stone giant (Depths:1)
  6 vault guards (Vaults:4)
  A dancing weapon (Shoals:2)
  An ogre mage (Vaults:1)
  A shadow wraith (Vaults:4)
  An unseen horror (D:13)
  3 deep elf magi
  A cyclops (Vaults:1)
  A spiny frog (Lair:2)
  A komodo dragon (Lair:2)
  A hornet (Vaults:2)
  A redback (Spider:1)
  A porcupine (Lair:4)
  2 boggarts
  A centaur (D:9)
  An iguana (D:8)
  21 fungi
  24 plants
69 creatures vanquished.

Grand Total: 2048 creatures vanquished

Notes
Turn   | Place    | Note
-------+----------+-------------------------------------------
     0 | D:1      | Monsterracer the Draconian Transmuter began the quest for the Orb.
     0 | D:1      | Reached XP level 1. HP: 16/16 MP: 3/3
   313 | D:1      | Reached XP level 2. HP: 19/23 MP: 3/5
   981 | D:1      | Reached XP level 3. HP: 24/29 MP: 6/6
  1624 | D:2      | Noticed Natasha
  1638 | D:2      | Learned a level 3 spell: Spider Form
  1650 | D:2      | Killed Natasha
  1650 | D:2      | Reached skill level 4 in Unarmed Combat
  1650 | D:2      | Reached XP level 4. HP: 30/36 MP: 3/7
  1705 | D:2      | Noticed Natasha
  1711 | D:2      | Killed Natasha
  2080 | D:2      | Noticed Natasha
  2088 | D:2      | Killed Natasha
  2088 | D:2      | Reached XP level 5. HP: 26/42 MP: 4/8
  2923 | D:3      | Noticed Robin
  2949 | D:3      | HP: 17/44 [orc priest/divine providence (14)]
  3760 | D:3      | Reached skill level 5 in Unarmed Combat
  3760 | D:3      | Reached XP level 6. HP: 28/51 MP: 6/9
  3796 | D:3      | Learned a level 5 spell: Blade Hands
  3947 | D:3      | Noticed Terence
  3969 | D:2      | Killed Terence
  4236 | D:3      | Noticed a hornet
  4558 | D:3      | Killed Robin
  4686 | D:3      | Noticed Ijyb
  4699 | D:3      | Killed Ijyb
  5150 | D:4      | Your scales start taking on a lurid green colour.
  5150 | D:4      | Reached XP level 7. HP: 58/58 MP: 3/10
  5150 | D:4      | Gained mutation: Your system is resistant to poisons. (rPois) [Green Draconian growth]
  5357 | D:4      | Found a staircase to the Ecumenical Temple.
  5404 | D:4      | Reached skill level 6 in Unarmed Combat
  5405 | D:4      | HP: 29/59 [orc wizard/dagger (3)]
  5416 | D:4      | HP: 19/59 [orc priest/divine providence (12)]
  5996 | Temple   | Entered the Ecumenical Temple
  6100 | Temple   | Became a worshipper of Xom of Chaos
  6161 | D:4      | Learned a level 4 spell: Ice Form
  6515 | D:5      | Entered Level 5 of the Dungeon
  6520 | D:5      | XOM: harmless Conj miscast
  6521 | D:5      | XOM: divination: magic mapping
  6530 | D:4      | HP: 28/59 [orc priest/divine providence (16)]
  6701 | D:5      | XOM: divination: detect creatures
  6759 | D:5      | XOM: divination: magic mapping
  7024 | D:5      | Reached skill level 5 in Transmutations
  7024 | D:5      | Reached XP level 8. HP: 53/66 MP: 11/11
  7187 | D:5      | XOM: chaos upgrade
  7460 | D:5      | XOM is BORED!
  7460 | D:5      | XOM: give mutations
  7460 | D:5      | Gained mutation: You are agile. (Dex +2) [Xom's mischief]
  7460 | D:5      | Lost mutation: You are agile. (Dex +2) [Xom's mischief]
  7771 | D:6      | XOM: swap monsters
  7784 | D:6      | Reached skill level 7 in Unarmed Combat
  7825 | D:6      | XOM: harmless Ice miscast
  8128 | D:6      | XOM: harmless Air miscast
  8140 | D:6      | XOM: summons 2 hostile shadow creatures
  8142 | D:6      | XOM: fake destruction
  8145 | D:6      | XOM: enchant monster (bad)
  8174 | D:6      | XOM: cast spell 'Summon Dragon'
  8177 | D:6      | Reached skill level 5 in Fighting
  8341 | D:6      | XOM: god gift: scroll labeled NAUREFFE ENOA {god gift}
  8416 | D:6      | XOM: cast spell 'Chain of Chaos'
  8529 | D:6      | XOM: give mutations
  8529 | D:6      | Gained mutation: You are clumsy. (Dex -2) [Xom's mischief]
  8529 | D:6      | Gained mutation: You are weak. (Str -2) [Xom's mischief]
  8605 | D:6      | Reached XP level 9. HP: 60/73 MP: 12/12
  8805 | D:7      | XOM: summons friendly quasit
  9224 | D:7      | Reached skill level 5 in Dodging
  9224 | D:7      | Reached skill level 8 in Unarmed Combat
  9717 | D:7      | Found a runed door.
  9720 | D:7      | Got a bone mace
  9722 | D:7      | Got a faintly glowing mace
  9723 | D:7      | Noticed Crazy Yiuf
  9732 | D:7      | Killed Crazy Yiuf
  9801 | D:7      | Identified the +4 mace of Day {freeze, -Tele rElec rC+} (You found it on level 7 of the Dungeon)
  9802 | D:7      | Identified the +9 mace of the End {crush, *Drain Str+3 Int+5} (You found it on level 7 of the Dungeon)
  9934 | D:7      | XOM: noise
  9958 | D:7      | XOM: cloud trail
 10404 | D:8      | XOM: potion effect (berserk rage)
 10564 | D:8      | XOM: silly message
 10619 | D:8      | XOM: harmless Tloc miscast
 10628 | D:8      | Reached skill level 9 in Unarmed Combat
 10680 | D:8      | XOM: cast spell 'Call Canine Familiar'
 10862 | D:8      | Noticed Psyche
 10910 | D:8      | XOM: summons 4 friendly demons
 10917 | D:8      | Killed Psyche
 10917 | D:8      | Reached XP level 10. HP: 77/83 MP: 13/13
 11119 | D:8      | XOM: swap monsters
 11182 | D:8      | XOM: harmless Necr miscast
 11222 | D:8      | Noticed a two-headed hydra
 11229 | D:8      | HP: 49/99 [two-headed hydra (13)]
 11231 | D:8      | Killed a two-headed hydra
 11238 | D:8      | XOM: medium Necr miscast
 11240 | D:8      | HP: 42/102 [something (11)]
 11245 | D:8      | HP: 36/102 [something (8)]
 11470 | D:8      | XOM: scenery: create altars
 11620 | D:8      | XOM: give mutations
 11620 | D:8      | Gained mutation: You have a beak for a mouth. [Xom's grace]
 11620 | D:8      | Gained mutation: You evolve. [Xom's grace]
 11820 | D:9      | XOM: summons 10 friendly demons
 11881 | D:9      | Noticed a two-headed ogre
 11887 | D:9      | XOM: summons 5 friendly demons
 11893 | D:9      | Killed a two-headed ogre
 11893 | D:9      | Reached skill level 10 in Unarmed Combat
 12013 | D:9      | XOM: give mutations
 12013 | D:9      | Gained mutation: You are dopey. (Int -2) [Xom's mischief]
 12013 | D:9      | Lost mutation: You are weak. (Str -2) [Xom's mischief]
 12013 | D:9      | Gained mutation: Your body sometimes deteriorates upon taking damage. [Xom's mischief]
 12013 | D:9      | Lost mutation: Your body sometimes deteriorates upon taking damage. [Xom's mischief]
 12104 | D:9      | Gained mutation: Potions are less effective at restoring your health. [evolution]
 12228 | D:9      | Found Podditra's Jewellery Shop.
 12256 | D:9      | XOM: divine lightning
 12267 | D:9      | XOM: smoke on damage
 12485 | D:9      | Reached skill level 1 in Ice Magic
 12589 | D:9      | Found a roughly hewn altar of Beogh.
 12589 | D:9      | XOM: 2-stop teleportation journey
 12596 | D:9      | HP: 34/85 [orc warrior/dire flail (12)]
 12600 | D:9      | HP: 7/85 [orc warrior/hand axe (24)]
 12601 | D:9      | XOM: cleaving
 12746 | D:9      | Cast into level 2 of the Abyss (Xom)
 12746 | Abyss:2  | XOM: stealth player
 12750 | Abyss:2  | Noticed a large abomination
 12759 | Abyss:2  | XOM: harmless Tmut miscast
 12763 | Abyss:2  | XOM: enchant monster (bad)
 12790 | Abyss:2  | HP: 31/86 [large abomination (17)]
 12791 | Abyss:2  | Reached skill level 1 in Stealth
 12798 | Abyss:2  | Noticed a deep elf elementalist
 13054 | D:9      | Escaped the Abyss
 13060 | D:9      | Found a staircase to the Orcish Mines.
 13138 | D:9      | Found a glowing golden altar of the Shining One.
 13220 | D:9      | XOM: confuse monster(s)
 13232 | D:9      | Reached XP level 11. HP: 84/92 MP: 11/16
 13283 | D:9      | HP: 45/92 [troll (3)]
 13347 | D:9      | XOM: harmless Fire miscast
 13486 | D:9      | Reached skill level 1 in Shields
 13737 | D:10     | Entered Level 10 of the Dungeon
 13744 | D:10     | XOM: medium Erth miscast
 13871 | D:10     | XOM: cast spell 'Summon Dragon'
 14109 | D:3      | XOM: harmless Tloc miscast
 14289 | D:10     | XOM: potion effect (haste)
 14292 | D:9      | XOM: noise
 14303 | D:9      | XOM: polymorph killer bee -> worker ant
 14372 | D:10     | XOM: enchant monster (bad)
 14482 | D:10     | XOM: blink monster(s)
 14537 | D:10     | XOM: silly message
 14874 | D:10     | Found a staircase to the Lair.
 15190 | Lair:1   | Entered Level 1 of the Lair of Beasts
 15230 | Lair:1   | XOM: summons 5 hostile demons
 15461 | Lair:1   | XOM: scenery: create altars
 15608 | Lair:1   | XOM: noise
 15625 | Lair:1   | XOM: blink monster(s)
 15627 | Lair:1   | XOM: noise
 15637 | Lair:1   | Reached skill level 10 in Transmutations
 15639 | Lair:1   | XOM: medium Conj miscast
 15659 | Lair:1   | XOM: enchant monster (bad)
 15661 | Lair:1   | XOM: 1-stop teleportation journey
 15668 | Lair:1   | Noticed Gastronok
 15677 | Lair:1   | Killed Gastronok
 15677 | Lair:1   | Reached skill level 11 in Unarmed Combat
 15678 | Lair:1   | Found a labyrinth entrance.
 15696 | Lab      | Entered a labyrinth
 16429 | Lab      | Noticed a minotaur
 16439 | Lab      | XOM: noise
 16441 | Lab      | Killed a minotaur
 16451 | Lab      | Got a vibrating wooden ring
 16506 | Lab      | XOM: summons 5 hostile demons
 16522 | Lair:1   | Identified the ring of Qaocliapp {*Corrode rC+ MR+ Str+3} (You found it in a labyrinth)
 16534 | Lair:1   | Learned a level 6 spell: Statue Form
 16800 | Lair:1   | Reached skill level 5 in Spellcasting
 16800 | Lair:1   | Reached XP level 12. HP: 100/103 MP: 14/19
 16803 | Lair:1   | XOM: blink monster(s)
 16811 | Lair:1   | XOM: draining
 16823 | Lair:1   | XOM: scenery: create altars
 16825 | Lair:1   | XOM: polymorph yak -> harpy
 16832 | Lair:1   | XOM: fog
 16837 | Lair:1   | HP: 38/103 [harpy (15)]
 17229 | Lair:1   | XOM: give mutations
 17229 | Lair:1   | Gained mutation: You rapidly evolve. [Xom's grace]
 17229 | Lair:1   | Gained mutation: Your flesh is heat resistant. (rF+) [Xom's grace]
 17229 | Lair:1   | Gained mutation: You have large cloven feet. [Xom's grace]
 17273 | Lair:1   | XOM: give mutation
 17273 | Lair:1   | Gained mutation: You can translocate small distances at will. [Xom's grace]
 17354 | Lair:2   | Gained mutation: Your body sometimes deteriorates upon taking damage. [evolution]
 17524 | Lair:2   | XOM: give mutations
 17524 | Lair:2   | Gained mutation: You are weak. (Str -2) [Xom's mischief]
 17524 | Lair:2   | Gained mutation: You are frail. (-10% HP) [Xom's mischief]
 17524 | Lair:2   | Lost mutation: Your body sometimes deteriorates upon taking damage. [Xom's mischief]
 17524 | Lair:2   | Lost mutation: Potions are less effective at restoring your health. [Xom's mischief]
 17553 | Lair:2   | HP: 40/92 [rime drake/flash freeze (13)]
 17556 | Lair:2   | XOM: divine lightning
 17561 | Lair:2   | HP: 39/92 [water moccasin (2)]
 17803 | Lair:2   | XOM: summons friendly shadow imp
 17922 | Lair:2   | XOM: scenery: create altars
 18024 | Lair:2   | XOM: summons friendly ufetubus
 18426 | Lair:2   | XOM: confuse monster(s)
 18467 | Lair:2   | XOM: give mutation
 18467 | Lair:2   | Lost mutation: You are frail. (-10% HP) [Xom's mischief]
 18782 | Lair:2   | Learned a level 2 spell: Blink
 19105 | Lair:2   | XOM: cast spell 'Shadow Creatures'
 19267 | Lair:2   | XOM: give mutations
 19267 | Lair:2   | Gained mutation: Your natural rate of healing is unusually fast. [Xom's grace]
 19267 | Lair:2   | Gained mutation: You have a pair of small horns on your head. [Xom's grace]
 19281 | Lair:2   | XOM: god gift: pair of glowing boots {god gift}
 19293 | Lair:2   | Identified a +2 pair of boots of running (Xom gifted it to you on level 2 of the Lair of Beasts)
 19728 | Lair:3   | Reached skill level 12 in Unarmed Combat
 19781 | Lair:3   | XOM: polymorph spiny frog -> hornet
 19869 | Lair:3   | Gained mutation: Your tail ends in a poisonous barb. [evolution]
 19906 | Lair:3   | Found a hole to the Spider Nest.
 19974 | Lair:3   | XOM: summons friendly crimson imp
 19980 | Lair:3   | Noticed an eight-headed hydra
 19991 | Lair:3   | HP: 59/124 [eight-headed hydra (8)]
 19993 | Lair:3   | HP: 26/124 [eight-headed hydra (15)]
 19994 | Lair:3   | Killed an eight-headed hydra
 20025 | Lair:3   | HP: 39/104 [wolf (2)]
 20159 | Lair:3   | XOM: potion effect (brilliance)
 20167 | Lair:3   | XOM: silly message
 20372 | Lair:3   | XOM: harmless Erth miscast
 20399 | Lair:3   | Found a staircase to the Shoals.
 20569 | Lair:3   | Noticed an eight-headed hydra
 20577 | Lair:3   | Killed an eight-headed hydra
 20577 | Lair:3   | Reached XP level 13. HP: 87/111 MP: 15/20
 20595 | Lair:3   | XOM: give mutations
 20595 | Lair:3   | Gained mutation: You are resistant to hostile enchantments. (MR+) [Xom's grace]
 20595 | Lair:3   | Lost mutation: You are dopey. (Int -2) [Xom's grace]
 20702 | Lair:3   | XOM: divination: detect creatures
 20828 | Lair:3   | XOM: scenery: create altars
 20919 | Lair:4   | Noticed Harold
 20919 | Lair:4   | Harold changed into Harold the dream sheep
 20919 | Lair:4   | XOM: polymorph Harold -> Harold the dream sheep
 20921 | Lair:4   | Gained mutation: You have hoof-like feet. [evolution]
 20944 | Lair:4   | Reached skill level 1 in Earth Magic
 20979 | Lair:4   | XOM: god gift: runed scarf {god gift}
 20996 | Lair:4   | XOM: give mutations
 20996 | Lair:4   | Gained mutation: You passively map a small area around you. [Xom's grace]
 20996 | Lair:4   | Gained mutation: Your large and strong wings let you fly indefinitely. [Xom's grace]
 20996 | Lair:4   | Gained mutation: You have supernaturally acute eyesight. (SInv) [Xom's grace]
 21128 | Lair:4   | Learned a level 2 spell: Passwall
 21328 | Lair:4   | XOM: destruction
 21408 | Lair:4   | XOM: summons 3 friendly demons
 21416 | Lair:4   | XOM: confuse monster(s)
 21434 | Lair:4   | Reached skill level 1 in Translocations
 21488 | Lair:4   | XOM is BORED!
 21488 | Lair:4   | XOM: give mutation
 21488 | Lair:4   | Lost mutation: You have a pair of small horns on your head. [Xom's mischief]
 21937 | Lair:5   | Reached skill level 5 in Stealth
 22048 | Lair:5   | Learned a level 1 spell: Apportation
 22197 | Lair:5   | Found a frozen archway.
 22285 | IceCv    | Entered an ice cave
 22426 | IceCv    | XOM: smoke on damage
 22428 | IceCv    | Reached skill level 13 in Unarmed Combat
 22524 | IceCv    | Reached skill level 10 in Fighting
 22573 | IceCv    | Reached skill level 1 in Evocations
 22629 | IceCv    | XOM: summons friendly crimson imp
 22630 | IceCv    | XOM: smoke on damage
 22631 | IceCv    | HP: 56/113 [freezing wraith (3)]
 22665 | IceCv    | XOM: polymorph crimson imp -> iron imp
 22757 | IceCv    | Found an ancient bone altar of Kikubaaqudgha.
 22834 | IceCv    | XOM: smoke on damage
 23775 | Lair:5   | XOM: swap monsters
 23801 | Lair:5   | Lost mutation: You can translocate small distances at will. [evolution]
 23971 | Lair:6   | Entered Level 6 of the Lair of Beasts
 23994 | Lair:6   | XOM: polymorph lindwurm -> salamander
 23996 | Lair:6   | XOM: swap monsters
 23998 | Lair:6   | XOM: harmless Tmut miscast
 24003 | Lair:6   | XOM: harmless Fire miscast
 24008 | Lair:6   | XOM: divination: detect items
 24030 | Lair:6   | XOM: confuse monster(s)
 24032 | Lair:6   | XOM: harmless Tmut miscast
 24044 | Lair:6   | XOM: 1-stop teleportation journey
 24052 | Lair:6   | XOM: 1-stop teleportation journey
 24059 | Lair:6   | XOM: 1-stop teleportation journey
 24072 | Lair:6   | XOM: confusion
 24090 | Lair:6   | XOM: confusion (+ monsters)
 24155 | Lair:6   | XOM: harmless Fire miscast
 24161 | Lair:6   | HP: 43/114 [death yak (26)]
 24287 | Lair:6   | XOM: summons 2 friendly demons
 24296 | Lair:6   | XOM: scenery: create altars
 24297 | Lair:6   | XOM: repel stairs
 24299 | Lair:6   | XOM: scenery: create altars
 24363 | Lair:6   | XOM: potion effect (invisibility)
 24423 | Lair:6   | XOM: cast spell 'Cause Fear'
 24436 | Lair:6   | Mutation became permanent: Your tail ends in a poisonous barb. [Green Draconian growth]
 24436 | Lair:6   | Gained mutation: Your tail ends in a poisonous barb. [Green Draconian growth]
 24436 | Lair:6   | Reached XP level 14. HP: 75/122 MP: 14/23
 24588 | Lair:6   | XOM: noise
 24600 | Lair:6   | XOM: noise
 24686 | Lair:6   | Found a staircase to the Slime Pits.
 24717 | Lair:6   | Found a viscous altar of Jiyva.
 24824 | Lair:6   | XOM: cast spell 'Call Canine Familiar'
 25185 | Lair:6   | XOM: harmless Tloc miscast
 25190 | Lair:6   | XOM: summons 1 hostile demon
 25190 | Lair:6   | HP: 57/122 [death yak[a torpor snail] (26)]
 25195 | Lair:6   | XOM: confuse monster(s)
 25225 | Lair:5   | XOM: silly message
 25455 | Lair:6   | XOM: harmless Erth miscast
 25473 | Lair:6   | XOM: harmless Tloc miscast
 25693 | Lair:6   | XOM: mild Tloc miscast
 25853 | Lair:6   | XOM: stat loss: -1 Int (17/18)
 26093 | Orc:1    | Entered Level 1 of the Orcish Mines
 26093 | Orc:1    | Found Icudyn's Weapon Shop.
 26095 | Orc:1    | Found Utokhluq's Assorted Antiques.
 26118 | Orc:1    | Reached skill level 14 in Unarmed Combat
 26154 | Orc:1    | Bought a scroll labeled IRREAB GEHU for 32 gold pieces
 26211 | Orc:1    | Found Mistrof's Distillery.
 26224 | Orc:1    | Bought 2 potions of magic for 240 gold pieces
 26224 | Orc:1    | Bought a potion of haste for 150 gold pieces
 26224 | Orc:1    | Bought a potion of haste for 150 gold pieces
 26224 | Orc:1    | Bought a potion of berserk rage for 75 gold pieces
 26252 | Orc:1    | Found a flagged portal.
 26266 | Bailey   | Entered a bailey
 26357 | Bailey   | Found a bloodstained altar of Trog.
 26596 | Orc:1    | Found a deep blue altar of Sif Muna.
 26612 | Orc:1    | Identified Sif Muna's Compendium of Transformation
 26641 | Orc:2    | Entered Level 2 of the Orcish Mines
 26660 | Orc:2    | Found a roughly hewn altar of Beogh.
 26846 | Orc:1    | Found Dirunn's Gadget Shoppe.
 26848 | Orc:1    | XOM: mild Erth miscast
 27423 | Orc:2    | Found a staircase to the Elven Halls.
 27512 | Orc:2    | XOM: divination: detect creatures
 27688 | Orc:2    | Reached skill level 5 in Translocations
 27729 | Orc:2    | Found Oskiodau's Magic Scroll Shoppe.
 27730 | Orc:2    | Found Geleudatt's Magic Scroll Emporium.
 27968 | Orc:2    | Gained mutation: You have a pair of small horns on your head. [evolution]
 28192 | Orc:2    | XOM: harmless Chrm miscast
 28260 | Orc:2    | XOM: silly message
 28279 | Orc:2    | XOM: smoke on damage
 28292 | Orc:2    | HP: 61/124 [orc sorcerer/dagger (8)]
 28503 | Orc:2    | XOM: cast spell 'Shadow Creatures'
 28516 | Orc:2    | Found Turricvu's Antique Weapon Boutique.
 28516 | Orc:2    | Found Gopeodd's Gadget Shop.
 28516 | Orc:2    | Found a one-way gate leading to the halls of Pandemonium.
 28623 | D:9      | Bought the ring of Nofis {+Blink rElec MR+ AC+5} for 1142 gold pieces
 28714 | Orc:2    | Bought a scroll of blinking for 112 gold pieces
 28714 | Orc:2    | Bought a scroll of blinking for 112 gold pieces
 28716 | Orc:2    | Bought a scroll of teleportation for 33 gold pieces
 28716 | Orc:2    | Bought a scroll of teleportation for 33 gold pieces
 28820 | D:11     | Learned a level 5 spell: Irradiate
 28906 | D:11     | Lost mutation: You are weak. (Str -2) [evolution]
 28906 | D:11     | Lost mutation: You rapidly evolve. [decline of evolution]
 28990 | D:11     | XOM: enchant monster (bad)
 29215 | D:11     | XOM: 3-stop teleportation journey
 29306 | D:11     | XOM: scenery: create altars
 29320 | D:11     | Reached XP level 15. HP: 115/130 MP: 20/25
 29859 | D:12     | Reached skill level 10 in Dodging
 29919 | D:12     | XOM: polymorph orc wizard -> adder
 30518 | D:13     | XOM: harmless Necr miscast
 30575 | D:13     | Found Kuzy's Demolitions Depot.
 30592 | D:13     | XOM: harmless Summ miscast
 30597 | D:13     | XOM: confusion
 30600 | D:13     | XOM: harmless Air miscast
 30609 | D:13     | XOM: blink monster(s)
 30620 | D:13     | XOM: enchant monster (bad)
 30650 | D:13     | XOM: 1-stop teleportation journey
 30803 | D:13     | Noticed Maurice
 30818 | D:13     | Killed Maurice
 30953 | D:13     | XOM: noise
 31027 | D:13     | Found a gate to the Vaults.
 31325 | D:13     | Found a portal to a secret trove of treasure.
 31389 | D:13     | Reached skill level 15 in Unarmed Combat
 31503 | D:13     | XOM: mild Erth miscast
 31537 | D:13     | XOM is BORED!
 31537 | D:13     | XOM: stat loss: -3 Int (16/19)
 31969 | D:14     | XOM: give mutations
 31969 | D:14     | Lost mutation: Your flesh is heat resistant. (rF+) [Xom's mischief]
 31969 | D:14     | Lost mutation: You have supernaturally acute eyesight. (SInv) [Xom's mischief]
 32014 | D:14     | XOM: confuse monster(s)
 32225 | D:14     | XOM: 7-stop teleportation journey
 32236 | D:14     | XOM: scenery: create altars
 32274 | D:14     | XOM: scenery: create altars
 32372 | D:15     | Entered Level 15 of the Dungeon
 32373 | D:15     | XOM: destruction
 32451 | D:15     | XOM: destruction
 32549 | D:15     | Noticed Agnes
 32554 | D:15     | HP: 59/132 [Agnes/lajatang of speed (26)]
 32557 | D:15     | HP: 20/132 [Agnes/lajatang of speed (24)]
 32560 | D:15     | Killed Agnes
 32560 | D:15     | Reached skill level 5 in Earth Magic
 32883 | D:15     | XOM: god gift: 4 steel javelins
 32907 | D:15     | Noticed Sonja
 33033 | D:15     | Found a staircase to the Depths.
 33036 | D:15     | HP: 54/132 [four-headed hydra (16)]
 33054 | D:15     | HP: 47/132 [wolf spider (5)]
 33061 | D:15     | HP: 74/198 [wolf spider (1)]
 33242 | D:15     | XOM: harmless Erth miscast
 33246 | D:15     | Killed Sonja
 33386 | D:15     | Found a blossoming altar of Fedhas.
 33521 | D:15     | XOM: god gift: 20 sling bullets
 33539 | D:15     | XOM: god gift: ration
 33573 | D:15     | Noticed Rupert
 33575 | D:15     | XOM: cast spell 'Metabolic Englaciation'
 33585 | D:15     | Killed Rupert
 33977 | D:15     | Learned a level 6 spell: Freezing Cloud
 34015 | D:15     | XOM: summons friendly white imp
 34108 | D:15     | XOM: god gift: 39 gold pieces
 34138 | D:15     | XOM: god gift: 24 gold pieces
 34275 | D:15     | Gained mutation: Your muscles are strong. (Str +2) [evolution]
 34288 | D:15     | XOM: god gift: book of Spatial Translocations
 34371 | D:11     | XOM: give mutation
 34371 | D:11     | Gained mutation: Your mind is acute. (Int +2) [Xom's grace]
 34536 | Spider:1 | Entered Level 1 of the Spider Nest
 34549 | Spider:1 | XOM: summons 4 friendly demons
 34562 | Lair:3   | HP: 66/132 [poisoned by a redback]
 34567 | Lair:3   | HP: 63/132 [poisoned by a redback]
 34572 | Lair:3   | HP: 60/132 [poisoned by a redback]
 34578 | Lair:3   | HP: 61/132 [poisoned by a redback]
 34583 | Lair:3   | HP: 61/132 [poisoned by a redback]
 34589 | Lair:3   | HP: 64/132 [poisoned by a redback]
 34745 | Spider:1 | HP: 64/132 [jumping spider (11)]
 34748 | Spider:1 | XOM: destruction
 34875 | Spider:1 | HP: 64/132 [disintegration (36)]
 34880 | Lair:3   | HP: 45/132 [redback (13)]
 34886 | Lair:3   | HP: 22/132 [redback (3)]
 34891 | Lair:3   | HP: 14/132 [poisoned by a redback]
 34896 | Lair:3   | HP: 9/132 [poisoned by a redback]
 34901 | Lair:3   | HP: 7/132 [poisoned by a redback]
 34906 | Lair:3   | HP: 6/132 [poisoned by a redback]
 34911 | Lair:3   | HP: 7/132 [poisoned by a redback]
 34916 | Lair:3   | HP: 9/132 [poisoned by a redback]
 34923 | Lair:3   | HP: 12/132 [poisoned by a redback]
 34928 | Lair:3   | HP: 14/132 [poisoned by a redback]
 35105 | Lair:3   | HP: 66/132 [poisoned by a redback]
 35110 | Lair:3   | Reached XP level 16. HP: 50/139 MP: 12/27
 35110 | Lair:3   | HP: 50/139 [poisoned by a redback]
 35115 | Lair:3   | HP: 46/139 [poisoned by a redback]
 35121 | Lair:3   | HP: 45/139 [poisoned by a redback]
 35127 | Lair:3   | HP: 45/139 [poisoned by a redback]
 35133 | Lair:3   | HP: 46/139 [poisoned by a redback]
 35139 | Lair:3   | XOM: noise
 35140 | Lair:3   | HP: 50/139 [poisoned by a redback]
 35148 | Lair:3   | HP: 53/139 [poisoned by a redback]
 35209 | Lair:3   | XOM: harmless Ice miscast
 35269 | Spider:1 | XOM: divination: detect items
 35276 | Spider:1 | HP: 60/139 [disintegration (41)]
 35390 | Spider:1 | XOM: noise
 35402 | Spider:1 | HP: 55/139 [disintegration (38)]
 35402 | Spider:1 | XOM: butterfly on damage
 35419 | Lair:3   | Cast into level 4 of the Abyss (Xom)
 35445 | Lair:3   | Escaped the Abyss
 35466 | Lair:3   | XOM: harmless Air miscast
 35521 | Spider:1 | XOM: noise
 35525 | Spider:1 | Reached skill level 10 in Earth Magic
 35612 | Spider:1 | XOM: confusion (+ monsters)
 35676 | Spider:1 | XOM: noise
 35796 | Spider:1 | XOM: silly message
 35802 | Spider:1 | XOM: harmless Tloc miscast
 35813 | Spider:1 | XOM: cloud trail
 36141 | Spider:2 | XOM: divination: detect creatures
 36273 | Spider:2 | XOM: give mutations
 36273 | Spider:2 | Lost mutation: You are clumsy. (Dex -2) [Xom's mischief]
 36273 | Spider:2 | Lost mutation: Your large and strong wings let you fly indefinitely. [Xom's mischief]
 36273 | Spider:2 | Lost mutation: Your mind is acute. (Int +2) [Xom's mischief]
 36278 | Spider:1 | HP: 86/180 [spark wasp (6)]
 36751 | Spider:3 | XOM: destruction
 36770 | Spider:3 | HP: 58/139 [jumping spider (18)]
 36775 | Spider:3 | HP: 52/139 [jumping spider (11)]
 36780 | Spider:3 | XOM: enchant monster (good)
 36869 | Spider:3 | XOM: god gift: pair of boots {god gift}
 36892 | Spider:2 | XOM: summons friendly crimson imp
 36898 | Spider:2 | HP: 65/139 [redback (9)]
 36902 | Spider:2 | XOM: smoke on damage
 36902 | Spider:2 | HP: 30/139 [redback (8)]
 36907 | Spider:2 | HP: 15/139 [poisoned by a redback]
 36912 | Spider:2 | HP: 11/139 [poisoned by a redback]
 36912 | Spider:2 | Gained mutation: You are agile. (Dex +2) [evolution]
 36917 | Spider:2 | HP: 8/139 [poisoned by a redback]
 36922 | Spider:2 | HP: 8/139 [poisoned by a redback]
 36927 | Spider:2 | HP: 9/139 [poisoned by a redback]
 36932 | Spider:2 | HP: 12/139 [poisoned by a redback]
 36939 | Spider:2 | HP: 16/139 [poisoned by a redback]
 36946 | Spider:2 | HP: 22/139 [poisoned by a redback]
 36954 | Spider:2 | HP: 29/139 [poisoned by a redback]
 37038 | Spider:2 | XOM: give mutations
 37038 | Spider:2 | Gained mutation: You are robust. (+10% HP) [Xom's grace]
 37038 | Spider:2 | Gained mutation: You are highly resistant to hostile enchantments. (MR++) [Xom's grace]
 37038 | Spider:2 | Gained mutation: Your tail ends in a sharp poisonous barb. [Xom's grace]
 37038 | Spider:2 | Gained mutation: Your mind is acute. (Int +2) [Xom's grace]
 37039 | Spider:2 | XOM: god gift: 27 stones
 37081 | Spider:3 | Identified the Papyrus of the Earthen Glacier
 37082 | Spider:3 | XOM: noise
 37224 | Spider:3 | XOM: fog
 37225 | Spider:3 | XOM: butterfly on damage
 37231 | Spider:3 | HP: 60/152 [disintegration (27)]
 37328 | Spider:3 | XOM: harmless Conj miscast
 37854 | Spider:3 | XOM: god gift: sack of spiders
 37855 | Spider:3 | XOM: god gift: potion of magic
 37884 | Spider:4 | Entered Level 4 of the Spider Nest
 37885 | Spider:4 | XOM: divination: magic mapping
 37909 | Spider:4 | Noticed Aizul
 37911 | Spider:4 | XOM: scenery: create altars
 37919 | Spider:3 | XOM: blink monster(s)
 37923 | Spider:3 | Killed Aizul
 38055 | Spider:4 | XOM: potion effect (invisibility)
 38073 | Spider:4 | XOM: mild Fire miscast
 38077 | Spider:4 | XOM: harmless Hex miscast
 38084 | Spider:4 | XOM: potion effect (invisibility)
 38089 | Spider:4 | XOM: potion effect (magic)
 38100 | Spider:4 | XOM: potion effect (might)
 38118 | Spider:4 | XOM: silly message
 38255 | Spider:3 | Gained mutation: Your muscles are very strong. (Str +4) [evolution]
 38551 | Spider:4 | XOM: noise
 38706 | Spider:4 | XOM: cast spell 'Metabolic Englaciation'
 38789 | Spider:4 | XOM: fog
 38801 | Spider:4 | Reached skill level 16 in Unarmed Combat
 38801 | Spider:4 | Reached XP level 17. HP: 162/162 MP: 20/29
 38833 | Spider:4 | XOM: harmless Tmut miscast
 38840 | Spider:4 | XOM: destruction
 38845 | Spider:4 | XOM: blink monster(s)
 39065 | Spider:4 | XOM: scenery: 5 doors open
 39291 | Spider:4 | XOM: confuse monster(s)
 39325 | Spider:4 | XOM: confuse monster(s)
 39396 | Spider:4 | XOM: smoke on damage
 39444 | Spider:4 | HP: 73/162 [death scarab (32)]
 39604 | Spider:4 | Got a gossamer rune of Zot
 39608 | Spider:4 | XOM: give mutations
 39608 | Spider:4 | Lost mutation: You are robust. (+10% HP) [Xom's mischief]
 39608 | Spider:4 | Lost mutation: Your mind is acute. (Int +2) [Xom's mischief]
 39642 | Spider:4 | Learned a level 5 spell: Borgnjor's Vile Clutch
 39816 | Shoals:1 | Entered Level 1 of the Shoals
 40075 | Shoals:1 | XOM: 4-stop teleportation journey
 40142 | Shoals:1 | XOM: chaos upgrade
 40156 | Shoals:1 | XOM: enchant monster (bad)
 40185 | Shoals:1 | XOM: summons 8 hostile demons
 40257 | Shoals:1 | XOM: smoke on damage
 40387 | Shoals:1 | XOM: summons 3 hostile shadow creatures
 40645 | Shoals:2 | XOM: enchant monster (bad)
 40788 | Shoals:2 | XOM: give mutations
 40788 | Shoals:2 | Lost mutation: Your tail ends in a sharp poisonous barb. [Xom's mischief]
 40788 | Shoals:2 | Lost mutation: Your muscles are very strong. (Str +4) [Xom's mischief]
 40941 | Shoals:2 | Noticed Roxanne
 40990 | Shoals:2 | Killed Roxanne
 41147 | Shoals:2 | XOM is BORED!
 41147 | Shoals:2 | XOM: give mutations
 41147 | Shoals:2 | Lost mutation: Your muscles are strong. (Str +2) [Xom's mischief]
 41147 | Shoals:2 | Gained mutation: You are weak. (Str -2) [Xom's mischief]
 41147 | Shoals:2 | Lost mutation: You are agile. (Dex +2) [Xom's mischief]
 41161 | Shoals:2 | XOM: cleaving
 41167 | Shoals:2 | XOM: polymorph harpy -> meliai
 41390 | Shoals:3 | XOM: 1-stop teleportation journey
 41507 | Shoals:3 | XOM: god gift: crooked jewelled staff {god gift}
 41512 | Shoals:3 | XOM: give mutation
 41512 | Shoals:3 | Gained mutation: You have a pair of horns on your head. [Xom's grace]
 41527 | Shoals:3 | XOM: god gift: 29 gold pieces
 41669 | Shoals:3 | XOM: fog
 41681 | Shoals:3 | XOM: god gift: scale mail {god gift}
 41837 | Shoals:3 | XOM: polymorph merfolk avatar -> something unseen
 42000 | Shoals:3 | XOM: confuse monster(s)
 42043 | Shoals:3 | Got an ebony mace {elec}
 42135 | Shoals:3 | XOM: summons 1 hostile shadow creature
 42366 | Shoals:4 | Entered Level 4 of the Shoals
 42426 | Shoals:4 | XOM: potion effect (haste)
 42450 | Shoals:4 | Reached skill level 17 in Unarmed Combat
 42450 | Shoals:4 | Reached XP level 18. HP: 143/158 MP: 22/31
 42462 | Shoals:4 | HP: 98/205 [merfolk javelineer/poisoned javelin (21)]
 42478 | Shoals:4 | Got a barnacled rune of Zot
 42593 | Shoals:4 | XOM: scenery: create altars
 42602 | Shoals:4 | XOM: 2-stop teleportation journey
 42605 | Shoals:4 | XOM: scenery: 1 doors open
 42624 | Shoals:4 | Reached skill level 5 in Evocations
 42624 | Shoals:4 | XOM: cast spell 'Olgreb's Toxic Radiance'
 42631 | Shoals:4 | XOM: confuse monster(s)
 42632 | Shoals:4 | XOM: summons 13 friendly demons
 42681 | Shoals:4 | XOM: divine lightning
 42690 | Shoals:4 | XOM: cleaving
 42696 | Shoals:4 | XOM: fake destruction
 42811 | Shoals:4 | Noticed Ilsuiw
 42842 | Shoals:4 | XOM: divination: detect creatures
 42885 | Shoals:4 | XOM: enchant monster (good)
 42906 | Shoals:3 | Killed Ilsuiw
 43064 | Shoals:4 | XOM: confusion (+ monsters)
 43084 | Shoals:4 | XOM: confuse monster(s)
 43306 | Shoals:4 | Gained mutation: Your mind is acute. (Int +2) [evolution]
 43449 | Shoals:4 | XOM: destruction
 43480 | Shoals:4 | XOM: confuse monster(s)
 43512 | Shoals:4 | XOM: 1-stop teleportation journey
 43782 | Lair:3   | XOM: harmless Tloc miscast
 44005 | D:13     | XOM: scenery: create altars
 44011 | Vaults:1 | Entered Level 1 of the Vaults
 44011 | Vaults:1 | XOM: god gift: 13 arrows
 44020 | Vaults:1 | HP: 141/309 [deep troll[an ironheart preserver] (26)]
 44023 | Vaults:1 | XOM: confusion (+ monsters)
 44025 | Vaults:1 | HP: 91/309 [vault sentinel/morningstar (14)]
 44058 | D:13     | XOM: mild Erth miscast
 44241 | Vaults:1 | XOM: mild Necr miscast
 44285 | Vaults:1 | XOM: harmless Summ miscast
 44290 | Vaults:1 | Reached skill level 1 in Necromancy
 44294 | Vaults:1 | XOM: harmless Summ miscast
 44521 | Vaults:1 | XOM: smoke on damage
 44657 | Vaults:1 | Found Ipratt's Antique Armour Emporium.
 44672 | Vaults:1 | Bought a pair of embroidered gloves for 187 gold pieces
 44711 | Vaults:1 | XOM: noise
 44712 | Vaults:1 | XOM: swap monsters
 44879 | Vaults:1 | XOM: summons 11 friendly demons
 44902 | Vaults:1 | XOM: harmless Tloc miscast
 44903 | Vaults:1 | XOM: noise
 44917 | Vaults:1 | XOM: confusion
 44918 | Vaults:1 | XOM: 1-stop teleportation journey
 44934 | Vaults:1 | XOM: swap monsters
 45101 | Vaults:1 | XOM: swap monsters
 45109 | Vaults:1 | XOM: harmless Chrm miscast
 45227 | Vaults:1 | XOM: chaos upgrade
 45268 | Vaults:1 | XOM: noise
 45276 | Vaults:1 | Reached skill level 10 in Spellcasting
 45490 | Vaults:1 | Reached XP level 19. HP: 119/167 MP: 33/33
 45594 | Vaults:1 | XOM: divination: detect items
 45643 | Vaults:1 | XOM: blink monster(s)
 45667 | Vaults:1 | XOM: noise
 45676 | Vaults:1 | XOM: potion effect (agility)
 45704 | Vaults:1 | HP: 100/217 [deep elf archer/arrow (12)]
 45705 | Vaults:1 | HP: 49/217 [deep elf archer/arrow (13)]
 45711 | Vaults:1 | HP: 55/217 [deep elf archer/arrow (2)]
 45716 | Vaults:1 | HP: 45/167 [deep elf archer/uncursed short sword (3)]
 45753 | Vaults:1 | XOM: god gift: staff of cold {god gift}
 46023 | Vaults:1 | Reached skill level 18 in Unarmed Combat
 46079 | Vaults:1 | XOM: give mutations
 46079 | Vaults:1 | Gained mutation: Scrolls take you a little longer to read. [Xom's mischief]
 46079 | Vaults:1 | Lost mutation: You have a pair of horns on your head. [Xom's mischief]
 46079 | Vaults:1 | Lost mutation: You have a beak for a mouth. [Xom's mischief]
 46135 | Vaults:1 | XOM: summons 2 friendly demons
 46425 | Vaults:2 | XOM: potion effect (magic)
 46543 | Vaults:2 | XOM: mild Erth miscast
 46645 | Vaults:2 | XOM: polymorph yaktaur captain -> emperor scorpion
 46692 | Vaults:2 | XOM: blink monster(s)
 46699 | Vaults:2 | XOM: summons 5 friendly demons
 46735 | Vaults:2 | HP: 103/218 [deep elf knight/stone arrow[an ironheart preserver] (28)]
 46740 | Vaults:2 | HP: 103/218 [ice dragon/blast of cold (7)]
 46748 | Vaults:2 | XOM: cloud trail
 46955 | Vaults:2 | XOM: divination: detect creatures
 46981 | Vaults:2 | Noticed Jory
 46986 | Vaults:2 | XOM: divination: detect creatures
 46993 | Vaults:2 | HP: 94/218 [Jory/crystal spear (23)]
 46998 | Vaults:2 | XOM: divination: detect creatures
 47005 | Vaults:2 | HP: 56/218 [Jory/crystal spear (44)]
 47007 | Vaults:2 | Killed Jory
 47157 | Vaults:2 | XOM: smoke on damage
 47166 | Vaults:2 | XOM: potion effect (might)
 47239 | Vaults:2 | XOM: divination: magic mapping
 47359 | Vaults:2 | XOM: harmless Erth miscast
 47371 | Vaults:2 | XOM: divination: magic mapping
 47458 | Vaults:2 | Reached skill level 5 in Necromancy
 47467 | Vaults:2 | XOM: confuse monster(s)
 47939 | Vaults:3 | XOM: mild Summ miscast
 47941 | Vaults:3 | XOM: blink monster(s)
 48080 | Vaults:3 | Reached skill level 10 in Stealth
 48093 | Vaults:3 | XOM: cast spell 'Summon Butterflies'
 48095 | Vaults:3 | XOM: silly message
 48190 | Vaults:3 | Reached skill level 15 in Fighting
 48238 | Vaults:3 | XOM: harmless Hex miscast
 48246 | Vaults:3 | Reached XP level 20. HP: 178/178 MP: 28/34
 48330 | Vaults:3 | Reached skill level 19 in Unarmed Combat
 48500 | Vaults:3 | XOM: harmless Summ miscast
 48592 | Vaults:3 | Found a staircase to the Crypt.
 48617 | Vaults:3 | XOM: destruction
 48901 | Vaults:3 | XOM: mild Erth miscast
 48953 | Vaults:3 | XOM: summons 4 friendly demons
 49152 | Vaults:3 | Learned a level 6 spell: Deflect Missiles
 49196 | Vaults:4 | Noticed Jorgrun
 49201 | Vaults:4 | XOM: 2-stop teleportation journey
 49220 | Vaults:4 | HP: 80/178 [centaur/arrow[a centaur warrior] (11)]
 49222 | Vaults:4 | XOM: mild Tmut miscast
 49228 | Vaults:4 | Reached skill level 1 in Air Magic
 49229 | Vaults:4 | XOM: noise
 49239 | Vaults:4 | HP: 75/178 [ettin/dire flail (14)]
 49240 | Vaults:4 | Reached skill level 1 in Charms
 49264 | Vaults:4 | HP: 89/178 [deep elf mage/bolt of negative energy[an ironheart preserver] (12)]
 49268 | Vaults:4 | XOM: 1-stop teleportation journey
 49290 | Vaults:4 | HP: 114/231 [deep elf knight/shard of ice[an ironheart preserver] (12)]
 49447 | Vaults:4 | XOM: divination: detect items
 49544 | Vaults:4 | XOM: repel stairs
 49615 | Vaults:4 | XOM: give mutation
 49615 | Vaults:4 | Lost mutation: You have a pair of small horns on your head. [Xom's mischief]
 49628 | Vaults:4 | XOM: noise
 49721 | Vaults:4 | XOM: 1-stop teleportation journey
 49739 | Vaults:4 | XOM: swap monsters
 49743 | Vaults:4 | XOM: chaos upgrade
 49780 | Vaults:4 | Got a crystal morningstar {crush}
 49808 | Vaults:4 | Reached skill level 5 in Air Magic
 50000 | Vaults:4 | XOM: potion effect (might)
 50008 | Vaults:4 | Reached skill level 5 in Charms
 50079 | Vaults:4 | XOM: medium Pois miscast
 50293 | Vaults:4 | Noticed Mara
 50307 | Vaults:4 | HP: 115/231 [Mara (illusionary)/demon whip of electrocution (7)]
 50309 | Vaults:4 | Noticed Monsterracer's illusion
 50311 | Vaults:4 | XOM: potion effect (agility)
 50565 | Vaults:4 | XOM: enchant monster (good)
 50602 | Vaults:4 | Noticed Monsterracer's illusion
 50602 | Vaults:4 | XOM: summons friendly ufetubus
 50603 | Vaults:4 | Killed Mara
 50628 | Vaults:4 | XOM: divination: detect creatures
 50630 | Vaults:4 | HP: 89/178 [two-headed ogre/giant club (34)]
 50638 | Vaults:4 | HP: 88/178 [something (3)]
 50641 | Vaults:4 | HP: 41/178 [Jorgrun/staff of earth (8)]
 50646 | Vaults:4 | HP: 15/178 [Jorgrun/staff of earth (14)]
 50647 | Vaults:4 | XOM: summons friendly white imp
 50787 | Vaults:4 | XOM: give mutations
 50787 | Vaults:4 | Lost mutation: You are weak. (Str -2) [Xom's mischief]
 50787 | Vaults:4 | Lost mutation: Your mind is acute. (Int +2) [Xom's mischief]
 50805 | Vaults:4 | Noticed Jorgrun
 50805 | Vaults:4 | Jorgrun changed into Jorgrun the death yak
 50805 | Vaults:4 | XOM: polymorph Jorgrun -> Jorgrun the death yak
 50810 | Vaults:4 | Killed Jorgrun the death yak
 51105 | Vaults:5 | Entered Level 5 of the Vaults
 51115 | Vaults:4 | XOM: divine lightning
 51247 | Vaults:3 | XOM: god gift: book of Frost
 51255 | Vaults:3 | Learned a level 3 spell: Ozocubu's Armour
 51444 | Elf:1    | Entered Level 1 of the Elven Halls
 51444 | Elf:1    | XOM: god gift: 17 sling bullets
 51463 | Orc:2    | XOM: give mutations
 51463 | Orc:2    | Gained mutation: You are agile. (Dex +2) [Xom's grace]
 51463 | Orc:2    | Gained mutation: You are very agile. (Dex +4) [Xom's grace]
 51465 | Orc:2    | Bought a scroll of acquirement for 780 gold pieces
 51466 | Orc:2    | XOM: scenery: create altars
 51470 | Orc:2    | Got a pair of faintly humming gloves
 51481 | Orc:2    | Identified the -3 pair of gloves of the Iron City of Dis {*Corrode rElec rC+} (You acquired it on level 2 of the Orcish Mines)
 51645 | Elf:1    | XOM: divine lightning
 51650 | Elf:1    | XOM: enchant monster (good)
 51678 | Elf:1    | Identified the Grimoire of Arcane Weapons
 51766 | Elf:1    | XOM: enchant monster (good)
 51856 | Elf:1    | XOM: scenery: 1 doors open
 52388 | Elf:1    | XOM: draining
 52595 | Elf:1    | Gained mutation: You tend to lose your temper in combat. [evolution]
 52596 | Elf:1    | XOM: stat loss: -1 Int (20/21)
 52699 | Elf:1    | XOM: medium Tmut miscast
 52804 | Elf:2    | XOM: polymorph deep elf knight -> satyr
 52811 | Elf:2    | Reached XP level 21. HP: 180/184 MP: 26/35
 52815 | Elf:2    | XOM: blink monster(s)
 52883 | Elf:2    | Noticed Saint Roka
 52910 | Elf:2    | XOM: fog
 52912 | Elf:2    | Killed Saint Roka
 52954 | Elf:2    | XOM: confuse monster(s)
 53007 | Elf:2    | XOM: give mutations
 53007 | Elf:2    | Lost mutation: Scrolls take you a little longer to read. [Xom's mischief]
 53007 | Elf:2    | Lost mutation: You are very agile. (Dex +4) [Xom's mischief]
 53015 | Elf:2    | XOM: 1-stop teleportation journey
 53062 | Elf:2    | XOM: mild Conj miscast
 53065 | Elf:2    | XOM: 3-stop teleportation journey
 53068 | Elf:2    | XOM: enchant monster (bad)
 53093 | Elf:2    | XOM: medium Tloc miscast
 53187 | Elf:2    | XOM: confusion
 53310 | Elf:2    | Found a runed gate.
 53310 | Elf:2    | Found a runed gate.
 53311 | Elf:2    | Found a runed gate.
 53359 | Elf:2    | XOM: enchant monster (bad)
 53361 | Elf:2    | Reached skill level 5 in Ice Magic
 53568 | Elf:2    | XOM: summons 4 hostile demons
 53663 | Elf:2    | XOM: cast spell 'Metabolic Englaciation'
 53678 | Elf:2    | XOM: confuse monster(s)
 54090 | Elf:3    | Entered Level 3 of the Elven Halls
 54271 | D:11     | XOM: god gift: scroll of noise
 54368 | Depths:1 | Entered Level 1 of the Depths
 54504 | Depths:1 | XOM: summons friendly shadow imp
 54512 | Depths:1 | XOM: confusion (+ monsters)
 54529 | Depths:1 | XOM: polymorph brown very ugly thing -> iron dragon
 54659 | Depths:1 | Found Isitho Icwi's Distillery.
 54668 | Depths:1 | XOM: summons 5 friendly demons
 54673 | Depths:1 | XOM: enchant monster (good)
 54675 | Depths:1 | XOM: enchant monster (good)
 54851 | Depths:1 | XOM: 1-stop teleportation journey
 54859 | Depths:1 | XOM: 6-stop teleportation journey
 54999 | Depths:1 | Found a bloodstained altar of Trog.
 55016 | Depths:1 | XOM: mild Tloc miscast
 55030 | Depths:1 | Reached skill level 10 in Charms
 55032 | Depths:1 | XOM: harmless Ice miscast
 55100 | Depths:1 | Found Fuentuopn's Food Shoppe.
 55226 | Depths:1 | Found a shattered altar of Ashenzari.
 55282 | Depths:1 | XOM: cloud trail
 55342 | Depths:1 | XOM: medium Erth miscast
 55453 | Depths:1 | Found a gateway to Hell.
 55456 | Depths:1 | XOM: enchant monster (good)
 55646 | Depths:2 | XOM: fog
 55701 | Depths:2 | HP: 75/187 [spriggan berserker/rapier (32)]
 55709 | Depths:2 | XOM: destruction
 55714 | Depths:2 | XOM: confusion (+ monsters)
 55807 | Depths:2 | XOM: chaos upgrade
 55839 | Depths:2 | XOM: noise
 55845 | Depths:2 | Reached skill level 5 in Shields
 55880 | Depths:2 | XOM: polymorph something unseen -> sky beast
 56020 | Depths:2 | XOM: harmless Fire miscast
 56208 | Depths:2 | Found a one-way gate to the infinite horrors of the Abyss.
 56227 | Depths:2 | Reached XP level 22. HP: 194/194 MP: 31/36
 56280 | Depths:2 | XOM: confuse monster(s)
 56353 | Depths:2 | Found a gateway to a ziggurat.
 56742 | Depths:2 | Found Keish's Jewellery Emporium.
 56794 | Depths:2 | Bought the ring "Isiel" {rF+ AC+2 Dex+3 Stlth+} for 430 gold pieces
 56843 | Depths:2 | Reached skill level 10 in Shields
 56904 | Depths:2 | XOM: chaos cloud
 57242 | Depths:2 | XOM: divination: magic mapping
 57290 | Depths:2 | Found a snail-covered altar of Cheibriados.
 57290 | Depths:2 | XOM: mild Air miscast
 57305 | Depths:2 | Got a pair of faintly glowing boots
 57306 | Depths:2 | Identified the +0 pair of boots "Buowadol" {SInv} (You found it on level 2 of the Depths)
 57464 | Depths:2 | XOM: harmless Tloc miscast
 57516 | Depths:3 | XOM: enchant monster (bad)
 57529 | Depths:3 | XOM: divination: detect creatures
 57610 | Depths:3 | XOM: harmless Necr miscast
 57667 | Depths:3 | XOM: harmless Erth miscast
 57929 | Depths:3 | Got a distressingly furry large shield
 57954 | Depths:3 | Identified the +5 large shield of Gallantry {rCorr Str+3} (You found it on level 3 of the Depths)
 57962 | Depths:3 | XOM: confusion (+ monsters)
 58090 | Depths:3 | XOM: summons 1 hostile demon
 58117 | Depths:3 | Found an ancient bone altar of Kikubaaqudgha.
 58117 | Depths:3 | Noticed an ancient lich
 58128 | Depths:3 | Killed an ancient lich
 58150 | Depths:3 | XOM: medium Tloc miscast
 58288 | Depths:3 | XOM: noise
 58309 | Depths:3 | XOM: enchant monster (bad)
 58318 | Depths:3 | Reached skill level 20 in Unarmed Combat
 58330 | Depths:3 | XOM: enchant monster (good)
 58340 | Depths:3 | XOM: harmless Chrm miscast
 58347 | Depths:3 | XOM: destruction
 58426 | Depths:3 | XOM: god gift: ration
 58453 | Depths:3 | XOM: mild Necr miscast
 58765 | Depths:3 | Lost mutation: You evolve. [evolution]
 58813 | Depths:3 | XOM: divination: detect items
 58910 | Depths:3 | HP: 90/289 [??? (88)]
 58917 | Depths:3 | HP: 57/289 [Tzitzimitl/bolt of negative energy (29)]
 58921 | Depths:3 | Killed from afar by a Tzitzimitl

Skill      XL: |  1  2  3  4  5  6  7  8  9 10 11 12 13 14 15 16 17 18 19 20 21 22 |
---------------+-------------------------------------------------------------------+-----
Dodging        | 2 3 4 5 6 7 8 9 10 11 12 13 | 13.9
Fighting       | 2 3 4 5 6 7 8 9 10 11 12 13 14 15 16 | 16.0
Unarmed Combat | 4 5 6 7 9 10 11 12 13 14 15 16 17 18 19 20 | 20.1
Transmutations | 3 5 6 8 9 10 11 12 | 12.6
Spellcasting   | 3 5 6 7 8 9 10 | 10.0
Ice Magic      | 1 3 6 |  6.0
Stealth        | 1 4 5 6 7 8 10 | 10.0
Shields        | 3 4 7 13 | 13.0
Earth Magic    | 2 3 9 11 12 | 12.5
Translocations | 3 5 |  5.0
Evocations     | 3 4 6 |  6.0
Necromancy     | 2 5 |  5.0
Air Magic      | 7 |  7.5
Charms         | 8 10 | 10.0

Action                   |  1- 3 |  4- 6 |  7- 9 | 10-12 | 13-15 | 16-18 | 19-21 | 22-24 || total
-------------------------+-------+-------+-------+-------+-------+-------+-------+-------++-------
Melee: Unarmed           |   115 |   245 |   467 |   565 |  1348 |  1657 |  1589 |   465 ||  6451
       Headbutt          |     1 |     9 |    14 |    16 |   102 |   258 |   133 |       ||   533
       Punch             |     1 |     4 |    14 |    15 |    39 |    17 |    23 |       ||   113
       Tailslap          |     6 |    21 |    62 |    59 |   149 |   192 |   171 |    71 ||   731
       Kick              |     4 |    13 |     5 |       |       |   147 |   220 |   121 ||   510
       Peck              |       |       |       |    82 |   184 |   278 |    13 |       ||   557
 Cast: Beastly Appendage |     8 |    11 |    10 |       |       |       |       |       ||    29
       Spider Form       |     1 |    10 |     3 |       |       |       |       |       ||    14
       Blade Hands       |       |       |     1 |    36 |   111 |    48 |    19 |     2 ||   217
       Ice Form          |       |       |       |     4 |     3 |       |       |       ||     7
       Blink             |       |       |       |       |     2 |     3 |     1 |     1 ||     7
       Statue Form       |       |       |       |       |       |    34 |    52 |    17 ||   103
       Apportation       |       |       |       |       |       |     1 |       |       ||     1
       Borgnjor's Vile C |       |       |       |       |       |     3 |    32 |     1 ||    36
       Deflect Missiles  |       |       |       |       |       |       |     6 |     6 ||    12
 Abil: Breathe Noxious F |       |       |    19 |    19 |    16 |    32 |     3 |       ||    89
       End Transformatio |       |       |       |     1 |     1 |       |     3 |       ||     5
       Fly               |       |       |       |       |     1 |       |       |       ||     1
Evoke: Wand              |       |       |       |     2 |     2 |     7 |       |       ||    11
       Lamp of fire      |       |       |       |       |     1 |     2 |     1 |       ||     4
       Fan of gales      |       |       |       |       |       |     1 |       |       ||     1
  Use: Scroll            |       |     2 |    18 |    11 |    15 |     4 |     7 |     8 ||    65
       Potion            |       |       |       |     2 |     4 |     3 |     3 |       ||    12
 Stab: Sleeping          |     3 |       |     2 |     2 |     7 |     5 |    16 |     4 ||    39
       Confused          |       |       |    10 |     7 |     7 |    16 |     6 |       ||    46
       Invisible         |       |       |       |       |     8 |     9 |       |       ||    17
       Distracted        |       |       |       |       |     1 |    10 |     7 |       ||    18
       Paralysed         |       |       |       |       |     1 |       |     1 |       ||     2
       Held in net/web   |       |       |       |       |     2 |       |       |       ||     2
       Petrified         |       |       |       |       |       |     4 |       |       ||     4
       Petrifying        |       |       |       |       |       |       |     2 |       ||     2
  Eat: Chunk             |     2 |    14 |    20 |    35 |    54 |    48 |    65 |    18 ||   256
       Ration            |       |       |     1 |     4 |     8 |     6 |     1 |       ||    20
Armor: Skin              |    26 |    70 |   161 |   163 |   516 |  1089 |   764 |   254 ||  3043
Dodge: Dodged            |    68 |   152 |   268 |   301 |   930 |  1739 |  1220 |   381 ||  5059
       Deflected         |       |       |       |       |       |       |    24 |    27 ||    51
Block: Buckler           |       |       |       |    14 |    95 |   384 |   393 |    61 ||   947
       Reflection        |       |       |       |       |       |       |    15 |     4 ||    19
       Shield            |       |       |       |       |       |       |       |   264 ||   264

Vault maps used:
D:1:      dpeg_arrival_pond
D:2:      first_ration, uniq_natasha
D:3:      uniq_robin, uniq_terence, uniq_ijyb
D:4:      minmay_temple_entry_overgrown
D:5:      minmay_misc_feat_columns, lightli_corner_chamber
D:7:      uniq_crazy_yiuf_cottage
D:8:      hangedman_ranch, uniq_psyche
D:9:      tso_altar, minmay_orc_entry_temple_small, serial_shops, shop_fountains
D:10:     david_lair_shrubbed
D:13:     lightli_vaults_fourway_checkpoint, nicolae_trove_entry_free_sample,
          nicolae_blasting_shop, uniq_maurice
D:14:     minmay_misc_feat_more_columns
D:15:     hangedman_depths_entry_try_elsewhere_first, fedhas_altar_3,
          uniq_rupert, uniq_agnes, uniq_sonja
Temple:   compressed_dpeg_triangle_lava_temple
Lair:1:   lab_entry_generic, uniq_gastronok
Lair:2:   serial_bayou_lagoon_b
Lair:3:   minmay_shoals_entry_lonely_mermaid, spider_nest_entry_web_field,
          minmay_stone_trees_small, grunt_forest_large_clearings
Lair:4:   grunt_megastairs_3, uniq_harold
Lair:5:   portal_ice_cave_entry_ice_beasts, infiniplex_staircase_pool_2
Lair:6:   grunt_lair_end_beastmaster, slime_altar_1, serial_bayou_pond_a,
          st_stairs_3, nicolae_quartered_pool_super, roderic_batcave
Shoals:2: uniq_roxanne
Shoals:3: nicolae_shoals_loop_pool
Shoals:4: shoals_end_simple, shoal_ilsuiw, uniq_ilsuiw
Spider:1: spider_trap
Spider:2: spider_trap, nicolae_looking_at_the_future
Spider:4: floodkiller_spider_rune_tomb, uniq_aizul
Orc:1:    enter_bailey_2, serial_shops, shop, shop, shop, shop, led_sif_book
Orc:2:    pf_orc_diabolical, mines1_david
Elf:1:    minmay_elf_annihilation, minivault_28
Elf:2:    uniq_saint_roka
Elf:3:    grunt_elf_hall_spiral, serial_shops, shop, hex_large, moated_statue
Vaults:1: v_pattern_4, v_misc_13, nicolae_vaults_hallways_thing,
          ontoclasm_vaults_ring_small, vaults_room_grunt_arrival_ludios,
          nicolae_vaults_rhombus_6, dpeg_vaults_pockets_of_resistance, v_misc_1,
          grunt_vaults_funnel, nicolae_vaults_little_squares_4,
          hangedman_vaults_trim, nicolae_vaults_what_the_h,
          ontoclasm_vaults_shuriken, serial_shops, shop
Vaults:2: nicolae_vaults_network_quincunx, hangedman_vaults_stitches,
          ontoclasm_vaults_claustrophobia, vaults_dpeg_encased_lava,
          stair_cage_open, v_misc_16, nicolae_vaults_circle_grid_b,
          nicolae_vaults_diagonal_hallway_6, vaults_mumra_minichess_inversion,
          uniq_jory
Vaults:3: nicolae_vaults_network_star, nicolae_vaults_disjoint_gnomons,
          hangedman_vaults_unwind, vaults_dpeg_diagonal, vaults_mumra_hexcomb,
          blue_anna_dwarven_crypt, hangedman_vaults_restitches
Vaults:4: nicolae_vaults_puzzle_piece, vaults_room_hallway, v_misc_26,
          ontoclasm_vaults_eye, vaults_standard_mumra_x, v_misc_27,
          nicolae_vaults_good_morning_starshine, nicolae_vaults_big_ls,
          ontoclasm_vaults_ring_large, uniq_mara, uniq_jorgrun
Vaults:5: serial_shops
Depths:1: grunt_hell_entry_dis_mu, serial_shops, nicolae_shop_crystal,
          evilmike_ruin_ashenzari, hex_medium, serial_bayou_pond_a,
          minmay_shop_grid_forest, evilmike_spriggan_trog_shrine
Depths:2: pf_snail_temple, enter_ziggurat_b, serial_shops, shop_fountains,
          pan_entry, lightli_too_deep, abyss_entry
Depths:3: evilmike_negative_zone, rand_demon_pan_entry_7, hell_entry,
          serial_column_ruins, column_ruins_portal_astroid, column_ruins_hut,
          column_ruins_hut_water, column_ruins_open_medium_water,
          column_ruins_grid_3, column_ruins_open_large,
          column_ruins_columns_dead_end, column_ruins_open_tiny
Abyss:4:  evilmike_abyss_exit_10, nicolae_abyss_rune_star_stuff
Lab:      nicolae_lab_diamond, labyrinth_lava_lair, nicolae_lab_big_swirl
Bailey:   bailey_axe_3, bailey
IceCv:    ice_cave_small_necro
